 Dungeon Crawl Stone Soup version 0.29-a0-728-g6bb282b620 (webtiles) character file.

Game seed: 390883238982996507

290216 Ge0ff the Ruinous (level 19, -1/108 HPs)
             Began as a Deep Elf Venom Mage on June 29, 2022.
             Was the Champion of Vehumet.
             Killed from afar by an acid blob (23 damage)
             ... with a splash of acid
             ... on level 2 of the Pits of Slime on June 30, 2022.
             The game lasted 02:01:15 (43998 turns).

Ge0ff the Ruinous (Deep Elf Venom Mage)            Turns: 43998, Time: 02:01:16

Health: -1/108     AC: 15    Str:  3    XL:     19   Next: 93%
Magic:  35/43      EV: 20    Int: 30    God:    Vehumet [******]
Gold:   3264       SH: 17    Dex: 23    Spells: 9/54 levels left

rFire   + . .      SeeInvis .   a - staff of conjuration
rCold   . . .      Faith    .   Y - +5 kite shield {reflect}
rNeg    + + .      Spirit   .   l - +3 leather armour {Will+}
rPois   +          Reflect  +   X - +2 hat {Int+3}
rElec   .          Harm     .   h - +1 cloak of the Catamount {+Inv rC+ rN++ Dex+4}
rCorr   .          Rampage  .   J - +0 pair of gloves
Will    ++...                   Q - +2 pair of boots {Fly}
Stlth   ++........              r - amulet of magic regeneration
HPRegen 0.28/turn               G - ring of fire
MPRegen 0.68/turn               e - ring of Contentment {rPois EV+4 Dex+4, =R}

@: flying, studying Maces & Flails, unable to read
A: dopey 1, weak 1, inability to read while threatened 1
}: 2/15 runes: decaying, serpentine
a: Renounce Religion, Evoke Invisibility


You were on level 2 of the Pits of Slime.
You worshipped Vehumet.
Vehumet was exalted by your worship.
You visited 8 branches of the dungeon, and saw 38 of its levels.
You also visited: Gauntlet and Volcano.

You collected 6455 gold pieces.
You spent 3191 gold pieces at shops.

Inventory:

Hand Weapons
 b - a +8 dagger of speed
Missiles
 g - 3 throwing nets {=F}
 v - 5 curare-tipped darts {=F}
Armour
 h - the +1 cloak of the Catamount (worn) {+Inv rC+ rN++ Dex+4}
   (You found it in a Gauntlet)

   Dex:       It affects your dexterity (+4).
   rC:        It protects you from cold.
   rN:        It greatly protects you from negative energy.
   +Inv:      It lets you turn invisible.
 i - the +1 leather armour of Fanaticism {Regen+ Int+4 Dex-4}
   (You took it off a deep elf death mage on level 3 of the Elven Halls)

   Int:       It affects your intelligence (+4).
   Dex:       It affects your dexterity (-4).
   Regen:     It increases your rate of health regeneration.
 l - a +3 leather armour of willpower (worn)
 D - the +1 helmet "Pafeps" {rC+}
   (You bought it in a shop on level 2 of the Elven Halls)

   rC:        It protects you from cold.
 J - a +0 pair of gloves (worn)
 Q - a +2 pair of boots of flying (worn)
 X - a +2 hat of intelligence (worn)
 Y - a +5 kite shield of reflection (worn)
Magical Staves
 a - a staff of conjuration (weapon)
 w - a staff of air
Jewellery
 e - the ring of Contentment (right hand) {rPois EV+4 Dex+4, =R}
   (You found it on level 9 of the Dungeon)

   [ring of evasion]

   EV:        It affects your evasion (+4).
   Dex:       It affects your dexterity (+4).
   rPois:     It protects you from poison.
 r - an amulet of magic regeneration (around neck)
 x - the ring of Tane {Fly rPois rN+ Str+4 Stlth+}
   (You found it on level 9 of the Dungeon)

   [ring of flight]

   Str:       It affects your strength (+4).
   rPois:     It protects you from poison.
   rN:        It protects you from negative energy.
   Fly:       It grants you flight.
   Stlth:     It makes you more stealthy.
 G - a ring of fire (left hand)
 M - an amulet of regeneration
 Z - a ring of protection from cold
Wands
 d - a wand of digging (7)
 f - a wand of flame (105)
 j - a wand of acid (26)
 k - a wand of iceblast (38)
 p - a wand of paralysis (30)
 s - a wand of mindburst (34)
 P - a wand of polymorph (2)
Scrolls
 m - 6 scrolls of magic mapping
 y - 3 scrolls of immolation
 A - 4 scrolls of enchant armour
 B - 7 scrolls of blinking
 C - 6 scrolls of poison
 E - 9 scrolls of fear
 F - 5 scrolls of fog
 S - 2 scrolls of summoning
 T - 23 scrolls of teleportation
 V - 8 scrolls of vulnerability
Potions
 o - 2 potions of ambrosia
 q - 25 potions of curing
 u - 6 potions of mutation {!q}
 z - 9 potions of brilliance
 H - a potion of haste {!q}
 I - 4 potions of invisibility
 K - 6 potions of magic {!q}
 L - 8 potions of lignification
 N - 3 potions of cancellation {!q}
 R - 2 potions of resistance
 W - 7 potions of heal wounds {!q}
Miscellaneous
 c - a condenser vane
 n - a phial of floods
 t - a tin of tremorstones (2/2)
 O - a box of beasts
 U - a phantom mirror


   Skills:
 + Level 8.7 Fighting
 - Level 6.0 Throwing
 + Level 4.3 Armour
 + Level 10.2 Dodging
 - Level 2.4 Stealth
 + Level 6.8 Shields
 - Level 18.0 Spellcasting
 - Level 22.0 Conjurations
 - Level 10.0 Hexes
 - Level 7.0 Translocations
 - Level 11.2 Transmutations
 - Level 14.4 Fire Magic
 - Level 7.0 Air Magic
 - Level 10.0 Poison Magic
 - Level 12.0 Evocations


You had 9 spell levels left.
You knew the following spells:

 Your Spells              Type           Power      Damage    Failure   Level
c - Blink                 Tloc           100%       N/A       1%          2
d - Iskenderun's Mystic   Conj/Tloc      100%       2d19      1%          4
f - Mephitic Cloud        Conj/Pois/Air  100%       N/A       1%          3
g - Apportation           Tloc           100%       N/A       1%          1
i - Ignite Poison         Fire/Tmut/Pois 99%        N/A       1%          3
j - Orb of Destruction    Conj           63%        9d15      1%          7
p - Fulminant Prism       Conj/Hex       55%        3d25      1%          4
r - Olgreb's Toxic Radia  Pois           72%        N/A       1%          4
v - Poisonous Vapours     Pois/Air       100%       N/A       1%          2
y - Yara's Violent Unrav  Hex/Tmut       37%        3d15      1%          5
C - Fireball              Conj/Fire      70%        3d26      1%          5
E - Irradiate             Conj/Tmut      56%        3d32      1%          5

Your spell library contained the following spells:

 Spells                   Type           Power      Damage    Failure   Level
 Ignition                 Fire           53%        3d15      32%         8
 Fire Storm               Conj/Fire      70%        8d18      69%         9
 Chain Lightning          Conj/Air       53%        3d71      98%         9
 Magic Dart               Conj           100%       1d8       0%          1
 Searing Ray              Conj           100%       2d8       0%          2
 Conjure Flame            Conj/Fire      100%       6-21      0%          3
 Slow                     Hex            100%       N/A       1%          1
 Sting                    Tmut/Pois      100%       1d8       1%          1
 Ensorcelled Hibernation  Hex/Ice        100%       N/A       1%          2
 Passwall                 Tmut/Erth      47%        N/A       1%          2
 Static Discharge         Conj/Air       100%       N/A       1%          2
 Lesser Beckoning         Tloc           62%        N/A       1%          3
 Spider Form              Tmut/Pois      74%        N/A       1%          3
 Swiftness                Air            62%        N/A       1%          3
 Tukima's Dance           Hex            72%        N/A       1%          3
 Hailstorm                Conj/Ice       96%        3d19      1%          4
 Blade Hands              Tmut           38%        N/A       1%          5
 Starburst                Conj/Fire      70%        6d18      1%          6
 Freeze                   Ice            100%       1d11      2%          1
 Iron Shot                Conj/Erth      48%        9d9       3%          6
 Passage of Golubria      Tloc           62%        N/A       4%          4
 Frozen Ramparts          Ice            54%        1d7       6%          3
 Necrotize                Necr           100%       1d9       8%          1
 Summon Small Mammal      Summ           100%       N/A       8%          1
 Anguish                  Hex/Necr       27%        N/A       10%         4
 Manifold Assault         Tloc           62%        N/A       12%         5
 Ozocubu's Armour         Ice            27%        N/A       22%         3
 Vampiric Draining        Necr           27%        2d7       22%         3
 Metabolic Englaciation   Hex/Ice        27%        N/A       26%         5
 Animate Armour           Summ/Erth      54%        N/A       58%         4
 Animate Dead             Necr           27%        N/A       58%         4
 Agony                    Necr           27%        N/A       90%         5
 Simulacrum               Ice/Necr       13%        N/A       100%        6
 Haunt                    Necr/Summ      13%        N/A       100%        7
 Infestation              Necr           13%        N/A       100%        8
 Death's Door             Necr           13%        N/A       100%        9


Dungeon Overview and Level Annotations

Branches:
Dungeon (15/15) Zot: 25180  Temple (1/1) D:7 Zot: 5616    Lair (6/6) D:11 Zot: 25873
  Swamp (4/4) Lair:3 Zot: 20527   Snake (4/4) Lair:3 Zot: 18034   Slime (3/5) Lair:5 Zot: 16855
    Orc (2/2) D:12 Zot: 10320     Elf (3/3) Orc:2 Zot: 13856  Vaults (0/5) D:13
 Depths (0/4) D:15        Volcano (visited)         Gauntlet (visited)

Altars:
Ashenzari
Cheibriados
Dithmenos
Elyvilon
Fedhas
Gozag
Hepliaklqana
Kikubaaqudgha
Makhleb
Nemelex Xobeh
Okawaru
Qazlal
Ru
Sif Muna
Trog
Uskayaw
Vehumet
Wu Jian
Xom
Yredelemnul
Zin
The Shining One
Jiyva

Shops:
D:2 *   D:6 :   D:7 !   D:9 *   D:10 *   D:12 (   Orc:1 !   Orc:2 [??[
Elf:1 ==:   Elf:2 *([(   Elf:3 :*   Snake:1 *   Snake:2 [(*=!   Snake:3 :


Innate Abilities, Weirdness & Mutations

You are dopey. (Int -2)
You are weak. (Str -2)
You occasionally lose the ability to read scrolls when taking damage.


Message History

You start resting.
You are no longer corroded.
You start resting.
Your magical contamination has completely faded away.
Magic restored.
HP restored.
You fly upwards.
The slime creature quivers.
The acid blob spits acid at you.
Your +5 kite shield of reflection reflects the splash of acid!
The splash of acid hits the acid blob.
The acid blob completely resists.
A slime creature comes into view.
The acid blob spits acid at you. The splash of acid hits you!!
There is a stone staircase leading down, spattered with blood here.
Casting: Irradiate (safe; 1% risk of failure)
Confirm with . or Enter, or press ? or * to list all spells.
Aiming: Fireball (safe; 1% risk of failure)
Press: ? - help, Shift-Dir - straight line, f - shining eye
Aim: a shining eye You feel a strong surge of power!
The fireball explodes!
The fireball engulfs the shining eye!!!
The shining eye is severely wounded.
The eye of devastation gazes at you. The bolt of energy hits you!!
The acid blob jiggles.
The shining eye gazes at you.
Strange energies course through your body.
You feel weaker.
Casting: Fireball (safe; 1% risk of failure)
Confirm with . or Enter, or press ? or * to list all spells.
Aiming: Fireball (safe; 1% risk of failure)
Press: ? - help, Shift-Dir - straight line, f/p - shining eye
Aim: a shining eye (severely wounded)
You feel a strong surge of power!
The fireball explodes!
The fireball engulfs the shining eye!!!
You kill the shining eye!
Vehumet accepts your kill. The acid blob spits acid at you.
The splash of acid hits you! The eye of devastation gazes at you.
The bolt of energy hits you!!!
You feel threatened and lose the ability to read scrolls!
* * * LOW HITPOINT WARNING * * *
You cannot read scrolls in your current state!
Really quaff
W - 8 potions of heal wounds {!q}?
You feel much better. The acid blob spits acid at you.
The splash of acid hits you!!
You die...

#...#.. .......
#...... .......
##..... G......
#...JJ. .......
.......##.......
#.#.............
#..............
#...@.......
##.........>
#...........
#............
##...#J......
............
#............
............#


You could see an acid blob, 2 slime creatures and an eye of devastation.

Vanquished Creatures
  Nikola (Snake:1)
  Zenata (Elf:3)
  A tentacled monstrosity (Swamp:4)
  Mlioglotl (Swamp:4)
  Asterion (Snake:4)
  3 deep elf blademasters
  2 deep elf master archers (Elf:3)
  3 acid blobs (Slime:1)
  The ghost of crabbyslav the Severer, an adept DsBe of Trog (Swamp:3)
  Gastronok (Lair:3)
  6 thorn hunters
  A storm dragon (D:12)
  Donald (Swamp:2)
  5 nagarajas
  2 fenstrider witches
  5 rockslimes
  3 azure jellies
  4 deep elf sorcerers (Elf:3)
  A frost giant (D:12)
  3 deep elf elementalists (Elf:3)
  An orc warlord (Orc:1)
  Aizul (Snake:2)
  3 ghouls (Swamp:4)
  A quicksilver ooze (Slime:1)
  An ironbound preserver (D:13)
  2 vampire knights (Swamp:4)
  A red draconian (Volcano)
  3 deep elf demonologists (Elf:3)
  4 eleionomae
  3 bunyips
  A minotaur (Gauntlet)
  5 deep elf annihilators (Elf:3)
  An entropy weaver (Gauntlet)
  The ghost of Sekuso the Demon Slayer, a journeyman FoHu of the Shining One (Orc:2)
  An ettin (D:12)
  A deep elf high priest (Elf:3)
  5 deep elf death magi
  A quicksilver dragon zombie (D:15)
  Harold (Orc:1)
  6 salamander tyrants
  17 hydras
  A hell beast (Gauntlet)
  9 boulder beetles
  3 ghost crabs
  A jorogumo (shapeshifter) (D:15)
  6 centaur warriors
  11 alligators
  An anaconda (shapeshifter) (Elf:3)
  10 two-headed ogres
  8 anacondas
  28 dancing weapons
  The ghost of Conn the Arsonist, a journeyman OpFE of Sif Muna (D:11)
  9 death yaks (Lair:6)
  14 naga warriors
  Urug (D:11)
  A deep troll earth mage (D:12)
  An orc high priest (Elf:3)
  Nergalle (Lair:2)
  12 naga sharpshooters
  8 shock serpents
  A spriggan berserker (Swamp:3)
  2 spriggans
  9 deep elf knights
  Sonja (Lair:6)
  2 goliath frogs
  8 salamander mystics
  3 skeletal warriors
  A spark wasp zombie (D:15)
  Lodul (D:10)
  2 flayed ghosts
  2 bog bodies (Swamp:1)
  4 spriggan druids
  5 naga ritualists
  4 orc knights
  An obsidian statue (D:11)
  4 swamp dragons (Swamp:4)
  5 spectral hydras (Swamp:4)
  3 deep elf archers
  A glowing orange brain (shapeshifter) (Elf:2)
  2 phantasmal warriors (Swamp:4)
  A shadow dragon zombie (D:15)
  17 deep elf pyromancers
  4 oklob plants
  14 deep elf zephyrmancers
  A wolf spider (Gauntlet)
  3 cyclopes
  4 necromancers
  3 will-o-the-wisps
  An orc sorcerer (Orc:1)
  15 ugly things
  12 mana vipers
  4 shining eyes
  2 manticores
  26 salamanders
  8 elephants (Lair:6)
  Maurice (Orc:2)
  A fire giant skeleton (D:15)
  41 black mambas
  6 guardian serpents
  A torpor snail (Gauntlet)
  An ice statue (D:11)
  10 naga magi
  25 cane toads
  A gargoyle (D:12)
  2 rime drakes
  2 unseen horrors
  4 yaktaurs (D:15)
  10 komodo dragons
  5 freezing wraiths
  3 tengu conjurers
  2 hydra zombies (Swamp:4)
  A guardian mummy (D:15)
  A polar bear (shapeshifter) (D:14)
  9 tyrant leeches
  5 bloated husks
  6 polar bears
  A queen bee (Lair:5)
  7 trolls
  A death drake zombie (Swamp:4)
  10 meliai
  22 blink frogs
  A hydra skeleton (Swamp:4)
  2 hornets
  A death drake skeleton (Swamp:4)
  A dream sheep (shapeshifter) (D:13)
  A slime creature (shapeshifter) (Elf:2)
  6 dream sheep (Lair:6)
  26 slime creatures
  A jumping spider (Gauntlet)
  A spriggan (shapeshifter) (D:13)
  6 air elementals
  7 water elementals
  3 fire elementals
  A vampire (D:11)
  3 wraiths
  6 basilisks
  4 wyverns
  A large abomination (Elf:1)
  Eustachio (D:4)
  23 yaks
  Grum (D:10)
  20 vampire mosquitoes
  2 wargs (Orc:2)
  8 redbacks (Elf:3)
  37 nagas
  12 swamp worms
  2 acid dragons (D:12)
  A hydra simulacrum (Swamp:4)
  8 water moccasins
  A floating eye (Slime:2)
  Duvessa (D:5)
  A hell hound (Gauntlet)
  An ice beast (D:8)
  4 swamp drakes
  A black bear (D:5)
  44 orc warriors
  A swamp drake (shapeshifter) (Elf:2)
  2 sky beasts
  14 ogres
  57 wolves
  21 centaurs
  4 boggarts (D:15)
  A swamp dragon zombie (Swamp:4)
  A phantom (D:4)
  2 kobold brigands (D:10)
  An elf zombie (Elf:1)
  15 bullfrogs
  A gnoll sergeant (D:12)
  5 earth elementals
  2 scorpions
  Dowan (D:5)
  40 killer bees
  7 howler monkeys
  9 electric eels
  4 jellies (Lair:5)
  3 hounds
  18 orc priests
  Jessica (D:2)
  3 iguanas
  21 orc wizards
  7 hell rats
  11 gnolls
  8 adders
  A shadow imp (D:6)
  3 worms
  A dart slug (D:3)
  91 orcs
  5 ball pythons
  9 endoplasms
  3 giant cockroaches
  3 goblins
  5 hobgoblins
  4 jackals (D:2)
  3 quokkas
  4 bats (D:1)
  3 frilled lizards
  21 kobolds
  4 rats
1245 creatures vanquished.

Vanquished Creatures (others)
  A bunyip (Swamp:4)
  2 large abominations (Elf:1)
  8 foxfires
  35 fulminant prisms
  16 fungi
  85 plants
  7 withered plants (D:15)
154 creatures vanquished.

Grand Total: 1399 creatures vanquished

Notes
Turn   | Place    | Note
-------+----------+-------------------------------------------
     0 | D:1      | Ge0ff the Deep Elf Venom Mage began the quest for the Orb.
     0 | D:1      | Reached XP level 1. HP: 10/10 MP: 6/6
   316 | D:1      | Reached XP level 2. HP: 15/15 MP: 5/8
   321 | D:1      | Learned a level 2 spell: Poisonous Vapours
   794 | D:1      | Reached skill level 1 in Air Magic
  1169 | D:1      | Reached XP level 3. HP: 20/20 MP: 7/9
  1173 | D:1      | Learned a level 3 spell: Mephitic Cloud
  1234 | D:2      | Found a faded altar of an unknown god.
  1449 | D:2      | Found Lyf Vov's General Store.
  1560 | D:2      | Bought a potion of curing for 33 gold pieces
  1693 | D:2      | Noticed Jessica
  1699 | D:2      | Killed Jessica
  1700 | D:2      | Reached skill level 1 in Fighting
  1857 | D:2      | Reached XP level 4. HP: 25/25 MP: 5/11
  2123 | D:2      | Reached skill level 1 in Conjurations
  2556 | D:2      | Reached XP level 5. HP: 27/29 MP: 9/13
  2667 | D:3      | Identified the +1 chain mail "Dyoc" {rElec rPois Str-5}
  2987 | D:3      | Reached skill level 2 in Conjurations
  3094 | D:3      | Learned a level 4 spell: Olgreb's Toxic Radiance
  3857 | D:3      | Found a glowing silver altar of Zin.
  4268 | D:3      | Identified the +5 ring mail of the Tired Tales {rC- Dex+6
                  | SInv}
  4351 | D:4      | Found a white marble altar of Elyvilon.
  4372 | D:4      | Reached XP level 6. HP: 26/34 MP: 15/15
  4603 | D:4      | Learned a level 2 spell: Searing Ray
  4744 | D:4      | Noticed Eustachio
  4764 | D:4      | Killed Eustachio
  4765 | D:4      | Reached skill level 5 in Spellcasting
  4765 | D:4      | Reached skill level 3 in Conjurations
  4847 | D:4      | Reached skill level 4 in Conjurations
  4847 | D:4      | Reached skill level 5 in Poison Magic
  4847 | D:4      | Reached XP level 7. HP: 33/38 MP: 16/16
  5393 | D:5      | Entered Level 5 of the Dungeon
  5393 | D:5      | Noticed Duvessa
  5393 | D:5      | Noticed Dowan
  5404 | D:5      | Killed Duvessa
  5407 | D:5      | Killed Dowan
  5669 | D:5      | Reached skill level 5 in Conjurations
  5677 | D:5      | HP: 1/38 [centaur/arrow (15)]
  6395 | D:5      | Reached XP level 8. HP: 43/43 MP: 17/17
  7255 | D:6      | Found Ewni's Book Shop.
  7509 | D:6      | Reached skill level 6 in Conjurations
  7558 | D:6      | Reached skill level 1 in Evocations
  8077 | D:6      | Found a burning altar of Makhleb.
  8831 | D:7      | Reached skill level 5 in Air Magic
  9110 | D:7      | Found a staircase to the Ecumenical Temple.
  9118 | Temple   | Entered the Ecumenical Temple
  9485 | Temple   | Became a worshipper of Vehumet
  9513 | D:7      | Noticed a seven-headed hydra
  9616 | D:7      | Found a shimmering altar of Xom.
  9618 | D:7      | Found a shimmering altar of Xom.
  9618 | D:7      | Found a shimmering altar of Xom.
  9619 | D:7      | Found a shimmering altar of Xom.
  9639 | D:7      | Noticed a green ugly thing
  9685 | D:7      | Found an ornate altar of the Wu Jian Council.
  9693 | D:7      | Reached XP level 9. HP: 48/48 MP: 20/20
  9895 | D:7      | Killed a green ugly thing
 10054 | D:7      | Reached skill level 7 in Conjurations
 10245 | D:7      | Found Gish's Distillery.
 10254 | D:7      | Bought 2 potions of brilliance for 96 gold pieces
 10254 | D:7      | Bought a potion of degeneration for 12 gold pieces
 10254 | D:7      | Bought a potion of heal wounds for 60 gold pieces
 10254 | D:7      | Bought a potion of invisibility for 96 gold pieces
 10341 | D:8      | Identified a scroll of acquirement
 10341 | D:8      | Acquired 664 gold pieces
 10396 | D:6      | Bought the Grimoire of Noxious Fire for 476 gold pieces
 10400 | D:6      | Learned a level 3 spell: Ignite Poison
 10426 | D:7      | Killed a seven-headed hydra
 10427 | D:7      | Reached skill level 1 in Fire Magic
 10834 | D:8      | Acquired 521 gold pieces
 11043 | D:8      | Reached XP level 10. HP: 46/56 MP: 23/23
 11257 | D:8      | Reached * piety under Vehumet
 11257 | D:8      | Offered knowledge of Sandblast by Vehumet.
 11455 | D:8      | Found a hide-covered altar of Uskayaw.
 11460 | D:8      | Found a hazy altar of Hepliaklqana.
 11697 | D:9      | Noticed a two-headed ogre
 11706 | D:9      | Killed a two-headed ogre
 11726 | D:9      | Noticed a two-headed ogre
 11730 | D:9      | Killed a two-headed ogre
 11731 | D:9      | Reached skill level 8 in Conjurations
 11731 | D:9      | Reached skill level 5 in Evocations
 11846 | D:9      | Identified the ring of Tane {Fly rPois rN+ Str+4 Stlth+}
 11979 | D:9      | Identified the ring of Contentment {rPois EV+4 Dex+4}
 11993 | D:9      | Got The Arcane Arts, Part One
 11998 | D:9      | You are sucked into a shaft and drop 1 floor!
 11998 | D:10     | Entered Level 10 of the Dungeon
 12216 | D:10     | Noticed Lodul
 12220 | D:10     | Killed Lodul
 12221 | D:10     | Offered knowledge of Scorch by Vehumet.
 12222 | D:10     | Noticed a two-headed ogre
 12223 | D:10     | Reached ** piety under Vehumet
 12230 | D:10     | Killed a two-headed ogre
 12312 | D:10     | Found Zupor's General Store.
 12358 | D:10     | Reached XP level 11. HP: 62/62 MP: 14/25
 12386 | D:10     | Bought a scroll of noise for 13 gold pieces
 12418 | D:10     | Noticed a two-headed ogre
 12422 | D:10     | Killed a two-headed ogre
 12467 | D:10     | Noticed Grum
 12470 | D:10     | Killed Grum
 12494 | D:10     | Reached skill level 5 in Transmutations
 12588 | D:10     | Noticed a two-headed ogre
 12590 | D:10     | Killed a two-headed ogre
 12730 | D:10     | Offered knowledge of Dazzling Flash by Vehumet.
 12799 | D:9      | Found Ricreanode's Assorted Antiques.
 12935 | D:9      | Noticed a two-headed ogre
 12939 | D:9      | Killed a two-headed ogre
 12940 | D:9      | Reached skill level 5 in Fire Magic
 13301 | D:11     | Noticed an obsidian statue
 13325 | D:11     | Reached skill level 5 in Fighting
 13398 | D:11     | Found a hide-covered altar of Uskayaw.
 13424 | D:11     | Noticed a two-headed ogre
 13427 | D:11     | Killed a two-headed ogre
 13428 | D:11     | Reached skill level 9 in Conjurations
 13457 | D:11     | Noticed a cyan ugly thing
 13461 | D:11     | Killed a cyan ugly thing
 13488 | D:11     | Noticed Urug
 13492 | D:11     | Killed Urug
 13515 | D:11     | Reached *** piety under Vehumet
 13730 | D:11     | Found a staircase to the Lair.
 13872 | D:11     | Noticed a two-headed ogre
 13875 | D:11     | Killed a two-headed ogre
 14084 | D:11     | Reached skill level 10 in Spellcasting
 14142 | D:11     | Found a runed translucent gate.
 14142 | D:11     | Found a runed translucent gate.
 14142 | D:11     | Found a runed translucent gate.
 14143 | D:11     | Noticed Conn's ghost (journeyman OpFE)
 14157 | D:11     | Killed Conn's ghost
 14412 | D:11     | Learned a level 4 spell: Fulminant Prism
 14436 | D:11     | Killed an obsidian statue
 14542 | D:11     | Reached skill level 1 in Hexes
 14600 | Lair:1   | Entered Level 1 of the Lair of Beasts
 14620 | Lair:1   | Reached XP level 12. HP: 68/68 MP: 23/28
 14711 | Lair:1   | Found a dark tunnel.
 14738 | Volcano  | Entered a volcano
 14833 | Volcano  | Noticed a red draconian
 14836 | Volcano  | Killed a red draconian
 15135 | Volcano  | Reached skill level 10 in Conjurations
 15654 | Lair:1   | Offered knowledge of Iskenderun's Mystic Blast by Vehumet.
 15660 | Lair:1   | Learned a level 4 spell: Iskenderun's Mystic Blast
 15899 | D:12     | Found Cacvaext's Antique Weapon Shop.
 16263 | D:12     | Reached skill level 1 in Translocations
 16370 | D:12     | Noticed a boulder beetle
 16370 | D:12     | Noticed a two-headed ogre
 16378 | D:12     | Killed a two-headed ogre
 16397 | D:12     | Reached skill level 1 in Shields
 16405 | D:12     | Reached **** piety under Vehumet
 16429 | D:12     | Reached skill level 5 in Dodging
 16429 | D:12     | Reached skill level 5 in Hexes
 16442 | D:12     | Noticed a deep troll earth mage
 16444 | D:12     | Killed a deep troll earth mage
 16445 | D:12     | Reached skill level 10 in Poison Magic
 16512 | D:12     | Noticed a frost giant
 16516 | D:12     | Killed a frost giant
 16516 | D:12     | Offered knowledge of Lightning Bolt by Vehumet.
 16521 | D:12     | Noticed a two-headed ogre
 16525 | D:12     | Killed a two-headed ogre
 16612 | D:12     | Noticed an eight-headed hydra
 16622 | D:12     | Killed an eight-headed hydra
 16623 | D:12     | Reached XP level 13. HP: 72/72 MP: 23/29
 16705 | D:12     | Noticed a storm dragon
 16980 | D:12     | Found a staircase to the Orcish Mines.
 17384 | Orc:1    | Entered Level 1 of the Orcish Mines
 17401 | Orc:1    | Found Zofackuso's Distillery.
 17413 | Orc:1    | Bought a potion of resistance for 120 gold pieces
 17497 | Orc:2    | Entered Level 2 of the Orcish Mines
 17727 | Orc:2    | Reached ***** piety under Vehumet
 17727 | Orc:2    | Offered knowledge of Iskenderun's Battlesphere by Vehumet.
 17958 | Orc:2    | Found Jysech's Magic Scroll Shop.
 17958 | Orc:2    | Found Cucemut's Magic Scroll Emporium.
 17958 | Orc:2    | Found Wonatt's Armour Shoppe.
 18060 | Orc:2    | Found Juetz's Antique Armour Boutique.
 18067 | Orc:2    | Bought a scroll of vulnerability for 120 gold pieces
 18075 | Orc:2    | Bought a +2 pair of boots of flying for 215 gold pieces
 18179 | Orc:2    | Found a staircase to the Elven Halls.
 18188 | Orc:1    | Noticed an orc warlord
 18194 | Orc:1    | Killed an orc warlord
 18401 | Orc:2    | Found a runed translucent door.
 18407 | Orc:2    | Noticed Sekuso's ghost (journeyman FoHu)
 18469 | Orc:2    | Noticed Maurice
 18473 | Orc:2    | Killed Maurice
 18533 | Orc:2    | Killed Sekuso's ghost
 18616 | Orc:2    | Got the Collected Works on Icy Lightness
 18643 | Orc:1    | Noticed Harold
 18648 | Orc:1    | Killed Harold
 19397 | Lair:2   | Noticed Nergalle
 19401 | Lair:2   | Killed Nergalle
 19852 | Lair:3   | Noticed Gastronok
 19858 | Lair:3   | Killed Gastronok
 20259 | Lair:3   | Reached skill level 11 in Conjurations
 20354 | Lair:3   | Found a staircase to the Swamp.
 20452 | Lair:3   | Offered knowledge of Fireball by Vehumet.
 20461 | Lair:3   | Learned a level 5 spell: Fireball
 20485 | Lair:3   | Reached XP level 14. HP: 78/78 MP: 15/31
 20513 | Lair:3   | Found a staircase to the Snake Pit.
 21124 | Lair:4   | Reached skill level 5 in Translocations
 22479 | Lair:5   | Found a viscous altar of Jiyva.
 22481 | Lair:5   | Found a staircase to the Slime Pits.
 22853 | Lair:5   | Identified the +9 mace "Usexefaw" {holy, rF+}
 23060 | Lair:5   | Reached ****** piety under Vehumet
 23696 | D:13     | Found a glowing golden altar of the Shining One.
 23740 | D:13     | Noticed an ironbound preserver
 23748 | D:13     | Killed an ironbound preserver
 23750 | D:13     | Offered knowledge of Ozocubu's Refrigeration by Vehumet.
 23856 | D:13     | Found a gate to the Vaults.
 23983 | D:13     | Reached skill level 1 in Armour
 24150 | D:13     | Reached skill level 10 in Fire Magic
 24211 | D:13     | Identified the +6 sling "Akickop" {flame, rF+}
 24705 | D:14     | Reached skill level 12 in Conjurations
 24715 | D:14     | Found a gate leading to a gauntlet.
 24751 | Gauntlet | Entered a Gauntlet
 24751 | Gauntlet | Found a transporter.
 24751 | Gauntlet | Found a transporter.
 24987 | Gauntlet | Found a transporter.
 24987 | Gauntlet | Found a transporter.
 24994 | Gauntlet | Found a transporter.
 25015 | Gauntlet | Found a transporter.
 25023 | Gauntlet | Found a transporter.
 25023 | Gauntlet | Found a transporter.
 25026 | Gauntlet | Found a transporter.
 25032 | Gauntlet | Found a transporter.
 25038 | Gauntlet | Found a transporter.
 25122 | Gauntlet | Found a transporter.
 25138 | Gauntlet | Found a transporter.
 25228 | Gauntlet | Found a transporter.
 25238 | Gauntlet | Found a transporter.
 25252 | Gauntlet | Found a transporter.
 25403 | Gauntlet | Reached XP level 15. HP: 78/84 MP: 13/33
 25456 | Gauntlet | Identified the +1 cloak of the Catamount {+Inv rC+ rN++
                  | Dex+4}
 25582 | Gauntlet | Identified the +0 hat of Gestures {Dex+5}
 26113 | D:15     | Entered Level 15 of the Dungeon
 26336 | D:15     | Found a staircase to the Depths.
 26350 | D:15     | Reached skill level 10 in Transmutations
 26361 | D:15     | Reached skill level 10 in Evocations
 26753 | D:15     | Identified the +6 rapier of Evupiw {freeze, rF- rN++}
 27281 | D:12     | Killed a storm dragon
 27771 | Swamp:1  | Entered Level 1 of the Swamp
 27939 | Swamp:1  | Offered knowledge of Orb of Destruction by Vehumet.
 27949 | Swamp:1  | Learned a level 7 spell: Orb of Destruction
 28584 | Swamp:2  | Noticed Donald
 28587 | Swamp:2  | Killed Donald
 28588 | Swamp:2  | Reached skill level 13 in Conjurations
 28861 | Swamp:3  | Noticed a thorn hunter
 28863 | Swamp:3  | Reached skill level 10 in Hexes
 28865 | Swamp:3  | Killed a thorn hunter
 28922 | Swamp:3  | Reached XP level 16. HP: 90/90 MP: 25/35
 28967 | Swamp:3  | Found a runed translucent door.
 28968 | Swamp:3  | Found a shimmering altar of Xom.
 28968 | Swamp:3  | Noticed crabbyslav's ghost (adept DsBe)
 28968 | Swamp:3  | Identified the +3 demon blade "Wiochi" {chaos, Dex+2}
 29399 | Swamp:4  | Entered Level 4 of the Swamp
 30204 | Swamp:4  | Noticed a thorn hunter
 30206 | Swamp:4  | Killed a thorn hunter
 30211 | Swamp:4  | Noticed a thorn hunter
 30213 | Swamp:4  | Killed a thorn hunter
 30214 | Swamp:4  | Reached skill level 14 in Conjurations
 30236 | Swamp:4  | Noticed a thorn hunter
 30239 | Swamp:4  | Killed a thorn hunter
 30242 | Swamp:4  | Noticed a thorn hunter
 30249 | Swamp:4  | Killed a thorn hunter
 30250 | Swamp:4  | Reached skill level 5 in Shields
 30275 | Swamp:4  | Found a blossoming altar of Fedhas.
 30477 | Swamp:4  | Got a decaying rune of Zot
 30495 | Swamp:4  | Noticed Mlioglotl
 30501 | Swamp:4  | Killed Mlioglotl
 30559 | Swamp:4  | Found a basalt altar of Yredelemnul.
 30642 | Swamp:4  | Noticed a thorn hunter
 30644 | Swamp:4  | Killed a thorn hunter
 30647 | Swamp:4  | Noticed a tentacled monstrosity
 30655 | Swamp:4  | Killed a tentacled monstrosity
 30754 | Swamp:4  | Identified the +7 quarterstaff of Lirank {flame, Will+}
 30867 | Swamp:4  | Offered knowledge of Irradiate by Vehumet.
 30874 | Swamp:4  | Learned a level 5 spell: Irradiate
 31144 | Swamp:3  | Killed crabbyslav's ghost
 31205 | Swamp:3  | Identified the +6 dire flail of Plog {spect, rF++}
 31275 | Lair:6   | Entered Level 6 of the Lair of Beasts
 31275 | Lair:6   | Noticed Sonja
 31278 | Lair:6   | Killed Sonja
 31281 | Lair:6   | Reached XP level 17. HP: 74/96 MP: 35/37
 31328 | Lair:6   | Offered knowledge of Yara's Violent Unravelling by Vehumet.
 31335 | Lair:6   | Learned a level 5 spell: Yara's Violent Unravelling
 31709 | Lair:6   | Acquired 893 gold pieces
 31956 | D:9      | Bought a scroll of enchant armour for 172 gold pieces
 31956 | D:9      | Bought a scroll of enchant armour for 172 gold pieces
 31956 | D:9      | Bought a potion of magic for 184 gold pieces
 32174 | Snake:1  | Entered Level 1 of the Snake Pit
 32425 | Snake:1  | Reached skill level 15 in Conjurations
 32429 | Snake:1  | Noticed Nikola
 32640 | Snake:2  | Noticed Aizul
 32644 | Snake:2  | Killed Aizul
 32705 | Snake:2  | You are sucked into a shaft and drop 1 floor!
 32996 | Snake:2  | Found Gest's General Store.
 32997 | Snake:2  | Found Raet's Distillery.
 32997 | Snake:2  | Found Tipox's Antique Armour Shoppe.
 33000 | Snake:2  | Found Qetwas's Jewellery Emporium.
 33151 | Snake:2  | Found Deefac Ysafu's Weapon Shoppe.
 33569 | Snake:2  | Reached skill level 10 in Dodging
 33740 | Snake:1  | Killed Nikola
 33974 | Snake:1  | Found Zaracid's Assorted Antiques.
 34396 | Snake:3  | Found Sudaqi's Book Shop.
 34559 | Snake:3  | Bought a manual of Conjurations for 1040 gold pieces
 34890 | Snake:3  | Reached XP level 18. HP: 103/103 MP: 31/38
 35767 | Snake:4  | Entered Level 4 of the Snake Pit
 35774 | Snake:4  | Offered knowledge of Maxwell's Capacitive Coupling by
                  | Vehumet.
 35822 | Snake:4  | Reached skill level 16 in Conjurations
 35864 | Snake:4  | Reached skill level 15 in Spellcasting
 36831 | Snake:4  | Reached skill level 17 in Conjurations
 37124 | Snake:4  | Noticed Asterion
 37128 | Snake:4  | Killed Asterion
 37133 | Snake:4  | Reached skill level 18 in Conjurations
 37581 | Snake:4  | Reached skill level 19 in Conjurations
 37845 | Snake:4  | Got a serpentine rune of Zot
 38401 | Elf:1    | Entered Level 1 of the Elven Halls
 38450 | Elf:1    | Reached skill level 20 in Conjurations
 38727 | Elf:1    | Found Qouthryvo's Book Emporium.
 38727 | Elf:1    | Found Wirghoecs's Jewellery Shop.
 38728 | Elf:1    | Found Racra's Jewellery Shop.
 38883 | Elf:1    | Found a stormy altar of Qazlal.
 39154 | Elf:1    | Got Gloorx Vloq's Grimoire of Darkness
 39420 | Elf:2    | Paralysed by an air elemental for 1 turns
 39525 | Elf:2    | Found Cueqagirgh's Antique Weapon Emporium.
 39536 | Elf:2    | Found Kochife's Antique Armour Boutique.
 39747 | Elf:2    | Reached XP level 19. HP: 108/108 MP: 34/40
 39761 | Elf:2    | Found Yboiq's Assorted Antiques.
 39770 | Elf:2    | Bought a crude helmet for 190 gold pieces
 39770 | Elf:2    | Identified the +1 helmet "Pafeps" {rC+} (You bought it in a
                  | shop on level 2 of the Elven Halls)
 39835 | Elf:2    | Found an ancient bone altar of Kikubaaqudgha.
 39880 | Elf:2    | Found Atrisuf's Antique Weapon Shop.
 39973 | Elf:2    | Reached skill level 1 in Throwing
 39993 | Elf:2    | Found a runed translucent gate.
 39994 | Elf:2    | Found a runed translucent gate.
 39994 | Elf:2    | Found a runed translucent gate.
 40157 | Elf:2    | Reached skill level 21 in Conjurations
 40168 | Elf:2    | Offered knowledge of Fire Storm by Vehumet.
 40168 | Elf:2    | Offered knowledge of Chain Lightning by Vehumet.
 40168 | Elf:2    | Offered knowledge of Ignition by Vehumet.
 40748 | Elf:3    | Entered Level 3 of the Elven Halls
 40748 | Elf:3    | Found Merheocza's Book Emporium.
 40751 | Elf:3    | Bought a book of Cantrips for 192 gold pieces
 40753 | Elf:3    | Learned a level 1 spell: Apportation
 40981 | Elf:3    | Reached skill level 5 in Throwing
 41062 | Elf:3    | Identified the +6 morningstar of Yla Ruts {flame, rC+ rN+
                  | Int+4}
 41062 | Elf:3    | Identified the +1 leather armour of Fanaticism {Regen+
                  | Int+4 Dex-4}
 41731 | Elf:3    | Noticed Zenata
 41737 | Elf:3    | Killed Zenata
 41883 | Elf:3    | Found Fenyul's Mass Market.
 42124 | Elf:3    | Found the +12 pair of quick blades "Gyre" and "Gimble"
                  | {protect}
 42141 | Elf:3    | Identified the +3 rapier "Caubim" {vorpal, Int+5}
 42155 | Elf:3    | Identified the +10 dagger of Feetiw {venom, *Slow rElec
                  | rF+++ rCorr}
 42224 | Elf:3    | Identified the +5 spear of Nokkujou {drain, Dex+3 SInv}
 42270 | Elf:3    | Learned a level 2 spell: Blink
 42854 | Slime:1  | Entered Level 1 of the Pits of Slime
 43017 | Slime:1  | Gained mutation: You occasionally lose the ability to read
                  | scrolls when taking damage. [a shining eye]
 43432 | Slime:2  | Reached skill level 22 in Conjurations
 43761 | Slime:2  | Gained mutation: You are dopey. (Int -2) [a shining eye]
 43996 | Slime:2  | Gained mutation: You are weak. (Str -2) [a shining eye]
 43997 | Slime:2  | HP: 5/108 [disintegration (38)]
 43998 | Slime:2  | Killed from afar by an acid blob

Illustrated notes

Levels and vault maps discovered:
D:1:      ncdulo_lavacross, layout_loops_ring
D:2:      layout_loops_ring, serial_shops, shop_fountains,
          hellmonk_ecumenical_altar_heavens_door, uniq_jessica
D:3:      layout_loops_ring, zin_academy, hangedman_feature_mirror,
          wander_ebering_terrifying_dragon_lair
D:4:      layout_cave_pools, overflow_temple_1_default, serial_rivers,
          chequers_serial_rivers_micro_a, chequers_serial_rivers_large_a,
          chequers_serial_rivers_small_b, chequers_serial_rivers_micro_e,
          chequers_serial_rivers_micro_b, chequers_serial_rivers_small_b,
          uniq_eustachio
D:5:      layout_layer_cave, minmay_misc_feat_encased, uniq_duvessa
D:6:      layout_basic, lightli_temple_of_fire, serial_shops, shop,
          hangedman_decor_growths
D:7:      layout_loops_ring, mainiacjoe_overflow_alcove_1, xom_redecorated,
          minmay_temple_entry_crystal_x, serial_shops, nicolae_shop_waterfront
D:8:      layout_cave_pools, mainiacjoe_overflow_big_doors, serial_bayou_lake_a
D:9:      layout_loops_ring, serial_shops, nicolae_shop_hallway_stairs,
          minmay_misc_feat_tower, serial_bayou_lagoon_a
D:10:     layout_rooms, serial_shops, shop, minmay_quadrilaterals, uniq_grum,
          uniq_lodul
D:11:     minmay_separated_statues, layout_basic, lair_entry_dummy,
          ebering_ghost_rock_garden, nicolae_uskayaw_murder_on_the_dancefloor,
          uniq_urug
D:12:     thingy_vault, layout_basic, orc_0_dummy, serial_shops,
          nicolae_shop_hallway_stairs
D:13:     layout_basic, skrybe_vaults_entry_preservation, tso_altar
D:14:     layout_rooms, gauntlet_entry_generic, minmay_misc_feat_rows
D:15:     gammafunk_depths_entry_grave, layout_loops_cross, nicolae_water_bricks
Temple:   bh_familiar_temple
Lair:1:   dpeg_oklob_gauntlet, layout_big_grid, enter_volcano_2,
          beast_lair_carwin_7
Lair:2:   layout_concentric_octagons, nicolae_quartered_pool_super,
          grunt_forest_large_clearings, uniq_nergalle
Lair:3:   layout_layer_cave, swamp_mist, minmay_snake_entry_guardpost_small,
          uniq_gastronok
Lair:4:   layout_gridlike
Lair:5:   regret_index_combs_of_tragedy, layout_loops_ring,
          nicolae_slime_entry_slimehenge, minmay_stone_trees_medium
Lair:6:   minmay_lair_end_frog_pond, layout_big_grid, uniq_sonja
Swamp:1:  layout_basic_swamp, hangedman_swamp_blocks, swamp_pool3
Swamp:2:  layout_falls_marsh, evilmike_swamp_ruin_rubble_1, uniq_donald
Swamp:3:  layout_basic_swamp, ebering_ghost_xom, nicolae_swamp_trees_clearing
Swamp:4:  byrel_swamp_growth_death_and_undeath, layout_basic_swamp, swamp_pool2,
          infiniplex_staircase_pool_2, uniq_mlioglotl
Snake:1:  layout_cave_pods, serial_shops, shop, uniq_nikola
Snake:2:  layout_onion, serial_shops,
          nicolae_shop_temple_entry_statues_fountains, grunt_megastairs_4,
          minmay_shoptagon, uniq_aizul
Snake:3:  layout_cave_town, serial_shops, shop_fountains,
          nicolae_large_snake_swirl, lemuel_fruit_tree
Snake:4:  grunt_snake_rune_pools, layout_onion_interference,
          nicolae_snake_lava_pool, uniq_asterion
Slime:1:  layout_caves
Slime:2:  cheibrodos_slime_lost_civilization_8, layout_caves
Slime:3:  layout_caves, basic_altar
Orc:1:    layout_caves, serial_shops, shop, uniq_harold
Orc:2:    st_orc_rangers, layout_caves, ebering_ghost_reflecting_pool,
          nicolae_orc_tapped_out, uniq_maurice
Elf:1:    nicolae_elf_arrival_fired_up, layout_loops_ring,
          minmay_elf_necromancy, nicolae_elf_altarnating, minmay_shop_grove
Elf:2:    nicolae_elf_blades_splatter_lattice
          [nicolae_blade_entry_area_security], layout_loops_ring, basic_altar,
          serial_shops, nicolae_lakefront_shop, shop, nicolae_lakefront_shop,
          shop
Elf:3:    grunt_elf_hall_spiral, layout_loops_corners, serial_shops, shop,
          drop_trap, minmay_shop_mass, uniq_zenata

Skill      XL: |  1  2  3  4  5  6  7  8  9 10 11 12 13 14 15 16 17 18 19 |
---------------+----------------------------------------------------------+-----
Air Magic      | 1 2 3 4 5 6 7 |  7.0
Fighting       | 1 2 3 4 5 6 7 8 |  8.7
Transmutations | 2 3 4 6 7 8 9 10 11 | 11.2
Conjurations   | 1 2 4 5 6 7 8 9 10 11 12 13 14 15 20 22 | 22.0
Poison Magic   | 4 5 6 7 9 10 | 10.0
Spellcasting   | 4 5 6 7 8 10 11 12 13 14 15 18 | 18.0
Evocations     | 2 4 5 7 8 9 10 11 12 | 12.0
Dodging        | 3 5 6 7 9 10 | 10.2
Fire Magic     | 2 4 6 7 8 10 11 13 14 | 14.4
Hexes          | 1 5 7 9 10 | 10.0
Translocations | 2 4 6 7 |  7.0
Shields        | 1 3 4 5 6 |  6.8
Armour         | 1 3 4 |  4.3
Throwing       | 6 |  6.0
Stealth        | |  2.4

Action                   |  1- 3 |  4- 6 |  7- 9 | 10-12 | 13-15 | 16-18 | 19-21 || total
-------------------------+-------+-------+-------+-------+-------+-------+-------++-------
Melee: Dagger            |     7 |     4 |       |       |       |       |       ||    11
       Staff             |       |       |       |     2 |     5 |       |       ||     7
 Cast: Sting             |    56 |    55 |       |       |       |       |       ||   111
       Poisonous Vapours |    12 |    63 |    65 |    78 |   102 |     4 |       ||   324
       Mephitic Cloud    |       |     1 |     6 |    12 |     1 |       |       ||    20
       Searing Ray       |       |     4 |    41 |    23 |     2 |       |       ||    70
       Olgreb's Toxic Ra |       |     2 |     4 |    25 |    44 |    10 |       ||    85
       Ignite Poison     |       |       |    13 |    96 |   140 |    12 |       ||   261
       Fulminant Prism   |       |       |       |    29 |     5 |     1 |       ||    35
       Iskenderun's Myst |       |       |       |     5 |    36 |    38 |    17 ||    96
       Fireball          |       |       |       |       |   256 |   419 |   124 ||   799
       Irradiate         |       |       |       |       |       |    37 |    22 ||    59
       Orb of Destructio |       |       |       |       |       |    39 |    10 ||    49
       Yara's Violent Un |       |       |       |       |       |     4 |       ||     4
Evoke: Wand              |       |       |     8 |    12 |     5 |     5 |    12 ||    42
       Condenser vane    |       |       |       |       |     3 |     2 |       ||     5
       Tin of tremorston |       |       |       |       |     1 |     4 |     3 ||     8
       Phial of floods   |       |       |       |       |     1 |     4 |     2 ||     7
  Use: Scroll            |     5 |     1 |    17 |     7 |     6 |    11 |     3 ||    50
       Potion            |       |       |     2 |     3 |     2 |       |     2 ||     9
Armor: Robe              |     3 |     5 |    11 |     8 |    12 |     9 |       ||    48
       Leather armour    |       |       |       |       |       |     8 |     2 ||    10
Dodge: Dodged            |    17 |    24 |    31 |    49 |    70 |    68 |     8 ||   267
Block: Buckler           |       |       |       |     3 |    32 |     4 |       ||    39
       Kite shield       |       |       |       |       |       |    58 |    16 ||    74
       Reflection        |       |       |       |       |       |    30 |     4 ||    34

Table legend: (Time is in decaauts)
 A = Elapsed time spent in this place.
 B = Non-inter-level travel time spent in this place.
 C = Inter-level travel time spent in this place.
 D = Time resting spent in this place.
 E = Time spent auto-exploring this place.
 F = Levels seen in this place.
 G = Mean time per level.
                   A        B        C        D        E       F      G
               +--------+--------+--------+--------+--------+-----+--------+
         Total |  44095 |  40562 |   3533 |   1781 |  33206 |  40 | 1102.4 |
       Dungeon |  19328 |  18014 |   1314 |    244 |  15479 |  15 | 1288.5 |
        Temple |    383 |    345 |     38 |      0 |    331 |   1 |  383.0 |
          Lair |   6474 |   5227 |   1247 |    225 |   4211 |   6 | 1079.0 |
         Swamp |   3472 |   3284 |    188 |    143 |   2652 |   4 |  868.0 |
     Snake Pit |   5965 |   5639 |    326 |    400 |   4473 |   4 | 1491.2 |
    Slime Pits |   1143 |   1093 |     50 |    320 |    688 |   3 |  381.0 |
  Orcish Mines |   1679 |   1536 |    143 |     13 |   1257 |   2 |  839.5 |
   Elven Halls |   4144 |   3920 |    224 |    436 |   2975 |   3 | 1381.3 |
       Volcano |    624 |    624 |      0 |      0 |    499 |   1 |  624.0 |
      Gauntlet |    879 |    879 |      0 |      0 |    641 |   1 |  879.0 |
               +--------+--------+--------+--------+--------+-----+--------+

Top non-repeatable levels by time:
    D:12: 2074 daAuts
 Snake:4: 1889 daAuts
 Snake:3: 1884 daAuts
   Elf:3: 1741 daAuts
     D:5: 1722 daAuts
     D:3: 1681 daAuts
    D:11: 1633 daAuts
  Lair:5: 1572 daAuts
  Lair:3: 1485 daAuts
     D:7: 1480 daAuts
     D:2: 1447 daAuts
   Elf:2: 1445 daAuts
  Lair:1: 1354 daAuts
     D:6: 1345 daAuts
 Swamp:4: 1251 daAuts
